 Dungeon Crawl Stone Soup version 0.28.0-53-g5a82cb258f (webtiles) character file.

Game seed: 15231484821032657353

2837 H0rd4k the Spear-Bearer (level 10, 0/76 HPs)
             Began as a Human Artificer on July 5, 2022.
             Was an Initiate of Gozag.
             Slain by Maurice
             ... wielding a +0 short sword of electrocution
              (12 damage)
             ... on level 7 of the Dungeon.
             The game lasted 00:09:23 (6864 turns).

H0rd4k the Spear-Bearer (Human Artificer)           Turns: 6864, Time: 00:09:24

Health: 0/76       AC: 12    Str: 14    XL:     10   Next: 3%
Magic:  14/14      EV: 11    Int: 15    God:    Gozag
Gold:   0          SH:  0    Dex: 18    Spells: 15/15 levels left

rFire   . . .      SeeInvis .   o - +5 spear of Massacring {vorpal, rC- Dex+3}
rCold   x . .      Faith    .   (no shield)
rNeg    . . .      Spirit   .   u - +6 scale mail of Tartarus {Harm rCorr Dex+2}
rPois   .          Reflect  .   (no helmet)
rElec   .          Harm     +   (no cloak)
rCorr   +          Rampage  .   (no gloves)
Will    .....                   (no boots)
Stlth   +.........              i - amulet of regeneration
HPRegen 1.02/turn               (no ring)
MPRegen 0.14/turn               (no ring)

@: gold aura, very slow
A: no striking features
a: Renounce Religion, Potion Petition, Call Merchant, Bribe Branch


You were on level 7 of the Dungeon.
You worshipped Gozag.
Gozag was noncommittal.
You visited 2 branches of the dungeon, and saw 9 of its levels.

You collected 319 gold pieces.
You spent 276 gold pieces at shops.
You paid 43 gold pieces to Gozag.

Inventory:

Hand Weapons
 a - a +0 club
 o - the +5 spear of Massacring (weapon) {vorpal, rC- Dex+3}
   (You found it on level 3 of the Dungeon)

   It inflicts extra damage upon your enemies.
   Dex:       It affects your dexterity (+3).
   rC:        It makes you vulnerable to cold.
 w - the +7 great sword of Rurin {flame, +Blink}
   (You bought it in a shop on level 5 of the Dungeon)

   It burns those it strikes, dealing additional fire damage.
   Big, fiery blades are also staple armaments of hydra-hunters.
   +Blink:    It lets you blink.
Missiles
 f - 6 poisoned darts
Armour
 b - a +0 leather armour
 u - the +6 scale mail of Tartarus (worn) {Harm rCorr Dex+2}
   (You found it on level 5 of the Dungeon)

   Dex:       It affects your dexterity (+2).
   rCorr:     It protects you from acid and corrosion.
   Harm:      It increases damage dealt and taken.
Magical Staves
 h - a staff of conjuration
 s - a staff of cold
Jewellery
 i - an amulet of regeneration (around neck)
Wands
 c - a wand of flame (2) (quivered)
 d - a wand of charming (8)
Scrolls
 g - 10 scrolls of identify {unknown}
 j - 2 scrolls of noise {unknown}
 l - 5 scrolls of teleportation {unknown}
 m - 2 scrolls of silence {unknown}
 p - a scroll of vulnerability {unknown}
 t - a scroll of summoning {unknown}
 x - a scroll of torment {unknown}
 y - a scroll of immolation {unknown}
Potions
 k - a potion of might {unknown}
 n - a potion of curing
 z - a potion of ambrosia {unknown}
 B - 2 potions of flight {unknown}


   Skills:
 + Level 5.8 Fighting
 + Level 3.1 Maces & Flails
 + Level 8.4 Polearms
 - Level 2.0 Armour
 + Level 5.1 Dodging
 - Level 1.0 Stealth
 * Level 3.1 Spellcasting
 + Level 4.7 Evocations


You had 15 spell levels left.
You didn't know any spells.
Your spell library contained the following spells:

 Spells                   Type           Power      Damage    Failure   Level
 Magic Dart               Conj           8%         1d3       63%         1
 Call Imp                 Summ           2%         N/A       77%         2
 Corpse Rot               Necr/Air       4%         N/A       77%         2
 Poisonous Vapours        Pois/Air       4%         N/A       77%         2
 Call Canine Familiar     Summ           2%         N/A       94%         3
 Mephitic Cloud           Conj/Pois/Air  2%         N/A       94%         3
 Ozocubu's Armour         Ice            2%         N/A       94%         3
 Portal Projectile        Hex/Tloc       4%         N/A       94%         3
 Leda's Liquefaction      Hex/Erth       1%         N/A       100%        4
 Ozocubu's Refrigeration  Ice            1%         4d5       100%        7


Dungeon Overview and Level Annotations

Branches:
Dungeon (8/15)             Temple (1/1) D:4
   Lair: D:8-11

Altars:
Ashenzari
Cheibriados
Elyvilon
Gozag
Hepliaklqana
Kikubaaqudgha
Makhleb
Nemelex Xobeh
Okawaru
Qazlal
Ru
Sif Muna
Trog
Uskayaw
Vehumet
Wu Jian
Xom
Zin
The Shining One

Shops:
D:5 (   D:7 *

Annotations:
D:2 exclusion: downstairs
D:6 exclusion: downstairs
D:7 3 runed translucent doors, exclusion: 3 doors, Crazy Yiuf; Maurice; aloneDruid's ghost, novice FoFi


Message History

Reactivating autopickup.
There is a stone staircase leading down here.
Unknown command.
Deactivating autopickup; reactivate with Ctrl-A.
You hit something. Something hits you.
Something steals your piece from Xom's chessboard (15/15)!
You hit something. Something hits you but does no damage. Something hits you.
Something steals your wand of digging (5)!
You puncture something!
A sky beast appears from thin air!
Reactivating autopickup.
The sky beast barely misses you.
You hit the sky beast.
The sky beast is almost dead.
Something hits you.
Something groans, "What are you, a monk?"
Deactivating autopickup; reactivate with Ctrl-A.
You hit the sky beast.
You kill the sky beast!
Something hits you.
* * * LOW HITPOINT WARNING * * *
Something groans, "What are you, a monk?"
You enter the shallow water.
Moving in this stuff is going to be slow.
You see here 17 gold pieces.
You completely miss something. Something hits you!
* * * LOW HITPOINT WARNING * * *
Something mutters, "Now where did you hide it?"
You miss something. Something hits you.
* * * LOW HITPOINT WARNING * * *
Something groans, "What are you, a monk?"
You hit something. You hit something. Something hits you.
* * * LOW HITPOINT WARNING * * *
Something groans, "What are you, a monk?"
It was a potion of curing.
You feel better. Something hits you.
* * * LOW HITPOINT WARNING * * *
Something grunts, "Curses!"
You are electrocuted!
You die...
Your body crumbles into a pile of gold.

###..#.##8.8.8###..##########
.....#.#..⌠.⌠..##...........#
....##.#.8.∩.8....#########.#
###)#.....⌠[⌠.###.# #.#
#......8.8.8###.# #.#
###...####...##.# #.#
##............# #.#
#######...############.#
#...>@...........#
##.############### ###


There were no monsters in sight!

Vanquished Creatures
  Pikel (D:7)
  A gargoyle (D:7)
  Prince Ribbit (D:7)
  A sky beast (D:7)
  2 orc warriors
  A hornet zombie (D:7)
  2 ogres
  A phantom (D:5)
  2 lemures
  A kobold brigand (D:6)
  2 bullfrogs
  4 scorpions
  3 jellies
  2 gnoll shamans (D:7)
  A hound (D:5)
  An orc priest (D:7)
  A bullfrog skeleton (D:5)
  3 orc wizards
  An iguana (D:5)
  A mummy (D:6)
  15 gnolls
  8 adders
  A shadow imp (D:7)
  2 ufetubi
  A worm (D:3)
  9 orcs
  7 ball pythons
  3 endoplasms
  4 giant cockroaches
  6 goblins
  3 hobgoblins
  4 jackals (D:4)
  2 quokkas
  4 bats
  5 frilled lizards
  2 hobgoblin zombies (D:6)
  3 kobolds (D:1)
  2 orc zombies (D:6)
  7 rats
120 creatures vanquished.

Vanquished Creatures (collateral kills)
  Menkaure (D:7)
  An orc priest (D:5)
  Jessica (D:3)
  A gnoll (D:3)
  6 orcs
  2 hobgoblins (D:3)
  A frilled lizard (D:3)
13 creatures vanquished.

Vanquished Creatures (others)
  2 orc warriors
  A hound (D:6)
  A bullfrog skeleton (D:5)
  2 fungi (D:7)
6 creatures vanquished.

Grand Total: 139 creatures vanquished

Notes
Turn   | Place    | Note
-------+----------+-------------------------------------------
     0 | D:1      | H0rd4k the Human Artificer began the quest for the Orb.
     0 | D:1      | Reached XP level 1. HP: 15/15 MP: 1/1
   493 | D:1      | Reached XP level 2. HP: 19/21 MP: 2/2
   567 | D:1      | Found a faded altar of an unknown god.
  1512 | D:2      | Reached XP level 3. HP: 17/26 MP: 3/3
  2064 | D:3      | Reached XP level 4. HP: 32/32 MP: 4/4
  2084 | D:2      | Reached skill level 1 in Maces & Flails
  2160 | D:3      | Noticed Jessica
  2202 | D:3      | Killed Jessica
  2203 | D:3      | Reached XP level 5. HP: 27/38 MP: 5/5
  2335 | D:3      | Identified the +5 spear of Massacring {vorpal, rC- Dex+3}
  2561 | D:3      | Identified the +5 hunting sling of the Several Thickets
                  | {vorpal, +Blink Will++ MP-9 Int+3}
  2820 | D:4      | Reached XP level 6. HP: 30/46 MP: 6/6
  2912 | D:4      | Reached skill level 1 in Polearms
  3040 | D:4      | Found a staircase to the Ecumenical Temple.
  3225 | Temple   | Entered the Ecumenical Temple
  3446 | Temple   | Became a worshipper of Gozag Ym Sagoz the Greedy
  3793 | D:5      | Entered Level 5 of the Dungeon
  3822 | D:5      | Reached XP level 7. HP: 52/52 MP: 7/7
  3862 | D:5      | Identified the +6 scale mail of Tartarus {Harm rCorr Dex+2}
  4188 | D:5      | Reached skill level 2 in Polearms
  4459 | D:5      | Reached skill level 3 in Polearms
  4572 | D:5      | Reached XP level 8. HP: 60/60 MP: 8/8
  4590 | D:5      | Found Qulucs's Antique Weapon Shop.
  4595 | D:5      | Bought a translucent great sword for 276 gold pieces
  4595 | D:5      | Identified the +7 great sword of Rurin {flame, +Blink} (You
                  | bought it in a shop on level 5 of the Dungeon)
  4933 | D:6      | Reached skill level 4 in Polearms
  4958 | D:6      | Identified the +1 ring mail of Voracious the Good {rPois
                  | rN+}
  5108 | D:6      | Reached skill level 5 in Polearms
  5126 | D:6      | Found a sparkling altar of Nemelex Xobeh.
  5129 | D:6      | Found a stormy altar of Qazlal.
  5187 | D:6      | Found a hide-covered altar of Uskayaw.
  5224 | D:6      | Found an ancient bone altar of Kikubaaqudgha.
  5243 | D:6      | Found a glowing golden altar of the Shining One.
  5245 | D:6      | Found a sacrificial altar of Ru.
  5506 | D:7      | Noticed Pikel
  5564 | D:7      | Killed Pikel
  5565 | D:7      | Reached skill level 5 in Fighting
  5565 | D:7      | Reached skill level 6 in Polearms
  5565 | D:7      | Reached skill level 1 in Spellcasting
  5565 | D:7      | Reached XP level 9. HP: 55/68 MP: 8/11
  5661 | D:7      | Found Jixe's General Store.
  5774 | D:7      | Found a large runed translucent door.
  5774 | D:7      | Found a large runed translucent door.
  5775 | D:7      | Noticed aloneDruid's ghost (novice FoFi)
  5779 | D:7      | Noticed a gargoyle
  5796 | D:7      | Killed a gargoyle
  5797 | D:7      | Reached skill level 7 in Polearms
  6001 | D:7      | Noticed Prince Ribbit
  6032 | D:7      | Noticed Menkaure
  6039 | D:7      | Killed Menkaure
  6114 | D:7      | Killed Prince Ribbit
  6115 | D:7      | Reached skill level 8 in Polearms
  6115 | D:7      | Reached skill level 5 in Dodging
  6236 | D:7      | Reached XP level 10. HP: 76/76 MP: 14/14
  6704 | D:7      | Found a runed translucent door.
  6705 | D:7      | Noticed Crazy Yiuf
  6825 | D:8      | Noticed Maurice
  6864 | D:7      | Slain by Maurice

Illustrated notes

Levels and vault maps discovered:
D:1:      dpeg_arrival_simpleton_c, layout_basic,
          shapermc_ecumenical_altar_mp_highgroup
D:2:      layout_basic, serial_glass, glass_columns_a, glass_columns_c
D:3:      wander_river, layout_rooms, uniq_jessica
D:4:      layout_basic, minmay_temple_entry_poolview, minmay_small_thing
D:5:      layout_loops_corners, serial_shops, kennysheep_little_box,
          chequers_jeans, grunt_ministairs_5
D:6:      layout_cave_pools, marbit_many_paths, grunt_temple_overflow_open,
          minmay_mini_ossuary
D:7:      layout_loops_ring, ebering_ghost_disaster_area, serial_shops,
          nicolae_shop_temple_entry_statues_fountains, uniq_pikel,
          uniq_prince_ribbit1, uniq_menkaure, uniq_crazy_yiuf_cottage
D:8:      layout_basic, uniq_harold, uniq_psyche, uniq_maurice
Temple:   nicolae_temple_figure_eight

Skill      XL: |  1  2  3  4  5  6  7  8  9 |
---------------+----------------------------+-----
Evocations     | 4 |  4.7
Maces & Flails | 1 2 3 |  3.1
Dodging        | 2 3 4 5 |  5.1
Fighting       | 2 3 4 5 |  5.8
Polearms       | 1 3 6 8 |  8.4
Spellcasting   | 1 3 |  3.1
Armour         | |  2.0
Stealth        | |  1.0

Action                   |  1- 3 |  4- 6 |  7- 9 | 10-12 || total
-------------------------+-------+-------+-------+-------++-------
Melee: Club              |   156 |    45 |       |       ||   201
       Punch             |     3 |     1 |     3 |       ||     7
       Spear             |       |    64 |   256 |    42 ||   362
Evoke: Wand              |     6 |     5 |    11 |     1 ||    23
  Use: Potion            |       |       |       |     1 ||     1
 Stab: Sleeping          |     1 |     1 |       |       ||     2
       Distracted        |       |       |     1 |       ||     1
       Paralysed         |       |       |    11 |       ||    11
Armor: Leather armour    |    55 |    26 |       |       ||    81
       Scale mail        |       |       |    68 |    14 ||    82
Dodge: Dodged            |   108 |    75 |    90 |     2 ||   275
